 Dungeon Crawl Stone Soup version 0.29-a0-923-g6e406bff71 (webtiles) character file.

Game seed: 5304610420210607333

1136 blobbo the Insei (level 8, -3/90 HPs)
             Began as a Gnoll Transmuter on July 28, 2022.
             Was an Initiate of the Shining One.
             Succumbed to a water moccasin's poison
             ... on level 5 of the Dungeon.
             The game lasted 00:14:37 (8481 turns).

blobbo the Insei (Gnoll Transmuter)                 Turns: 8481, Time: 00:14:37

Health: -3/90      AC: 24    Str: 10    XL:     8   Next: 36%
Magic:  17/17      EV:  2    Int: 14    God:    the Shining One [......]
Gold:   327        SH:  0    Dex: 13    Spells: 13/19 levels left

rFire   + . .      SeeInvis .   f - +2 whip (venom)
rCold   + . .      Faith    .   (no shield)
rNeg    . . .      Spirit   .   (body armour currently unavailable)
rPois   +          Reflect  .   (helmet currently unavailable)
rElec   +          Harm     .   (cloak currently unavailable)
rCorr   +          Rampage  .   (gloves currently unavailable)
Will    .....      NoTele   +   (boots currently unavailable)
Stlth   +.........              (no amulet)
HPRegen 0.25/turn               (no ring)
MPRegen 0.15/turn               (no ring)

@: lethally poisoned (-3 -> -23), tree-form, resistant, wereblooded (expiring),
glowing
A: stationary, stasis, torment immunity, boosted hp, (fangs 1), strong nose,
distributed training
a: Renounce Religion


You were on level 5 of the Dungeon.
You worshipped the Shining One.
The Shining One was noncommittal.
You were a tree.
You visited 2 branches of the dungeon, and saw 6 of its levels.
You also visited: Sewer.

You collected 327 gold pieces.

Inventory:

Hand Weapons
 f - a +2 whip of venom (weapon)
Missiles
 i - 2 atropa-tipped darts
 k - 2 poisoned darts
Armour
 a - a +0 robe (melded)
 g - a +0 leather armour
 w - a +3 leather armour
Jewellery
 x - an amulet of magic regeneration
Scrolls
 c - 3 scrolls of enchant weapon {unknown}
 d - 15 scrolls of identify
 e - a scroll of brand weapon {unknown}
 m - 3 scrolls of teleportation {unknown}
 n - a scroll of vulnerability {unknown}
 q - a scroll of poison {unknown}
 r - 2 scrolls of silence {unknown}
 s - a scroll of blinking {unknown}
 t - a scroll of magic mapping {unknown}
 u - a scroll of enchant armour {unknown}
Potions
 h - 2 potions of might
 j - 2 potions of attraction
 o - a potion of resistance
 p - 4 potions of flight
 v - a potion of mutation {unknown}
 z - a potion of ambrosia {unknown}
 A - a potion of curing {unknown}


   Skills:
 + Level 4.2 Fighting
 + Level 3.3 Short Blades
 + Level 3.3 Long Blades
 + Level 3.3 Axes
 + Level 3.3 Maces & Flails
 + Level 3.3 Polearms
 + Level 3.3 Staves
 + Level 3.3 Ranged Weapons
 + Level 3.3 Throwing
 + Level 3.3 Armour
 + Level 5.7 Dodging
 + Level 3.3 Stealth
 + Level 3.3 Shields
 + Level 7.4 Unarmed Combat
 + Level 6.1 Spellcasting
 + Level 2.7 Conjurations
 + Level 2.7 Hexes
 + Level 2.7 Summonings
 + Level 2.7 Necromancy
 + Level 2.7 Translocations
 + Level 4.7 Transmutations
 + Level 2.7 Fire Magic
 + Level 2.7 Ice Magic
 + Level 2.7 Air Magic
 + Level 2.7 Earth Magic
 + Level 2.7 Poison Magic
 + Level 3.6 Invocations
 + Level 3.3 Evocations


You had 13 spell levels left.
You knew the following spells:

 Your Spells              Type           Power      Damage    Failure   Level
a - Beastly Appendage     Tmut           34%        N/A       2%          1
b - Wereblood             Tmut           17%        N/A       3%          2
c - Spider Form           Tmut/Pois      14%        N/A       10%         3

Your spell library contained the following spells:

 Spells                   Type           Power      Damage    Failure   Level
 Ice Form                 Ice/Tmut       14%        N/A       32%         4
 Borgnjor's Revivificati  Necr           5%         N/A       100%        8
 Necromutation            Tmut/Necr      7%         N/A       100%        8
 Death's Door             Necr           5%         N/A       100%        9


Dungeon Overview and Level Annotations

Branches:
Dungeon (5/15)             Temple (1/1) D:4           Sewer (visited)

Altars:
Ashenzari
Cheibriados
Elyvilon
Fedhas
Gozag
Hepliaklqana
Makhleb
Nemelex Xobeh
Okawaru
Qazlal
Sif Muna
Trog
Uskayaw
Vehumet
Wu Jian
Xom
Zin
The Shining One

Annotations:
D:3 2 transporters, paps's ghost, amateur OpGl
D:5 1 runed translucent door, Crazy Yiuf


Innate Abilities, Weirdness & Mutations

You are a tree.
Your roots penetrate the ground, keeping you stationary.
You cannot be teleported.
You are immune to unholy pain and torment.
Your maximum health is greatly increased.
Your equipment is partially melded.
((You have very sharp teeth.))
Your uncanny sense of smell can sniff out nearby items.
Your experience applies equally to all skills.


Message History

You hit the gnoll.
The gnoll is poisoned.
The gnoll is moderately wounded.
You feel sick.
The water moccasin bites you but does no damage.
You bite the gnoll!
The gnoll looks as sick as possible!
The gnoll is severely wounded.
You feel sick. The gnoll barely misses you. The water moccasin misses you.
You bite the water moccasin!
The water moccasin looks as sick as possible!
The water moccasin is heavily wounded.
You feel sick.
You feel a bit better.
You kill the gnoll!
The water moccasin completely misses you.
You hit the water moccasin.
The water moccasin is almost dead.
Your primal bloodlust is almost over.
The water moccasin bites you!
You are lethally poisoned!
The water moccasin poisons you!
You bite the water moccasin!
You feel a bit better.
You kill the water moccasin!
You hiss as the wereblood boils in your veins!
Your transformation is almost over.
* * * LOW HITPOINT WARNING * * *
You feel extremely sick.
It was a potion of resistance.
You feel protected.
* * * LOW HITPOINT WARNING * * *
You feel extremely sick.
Really quaff the potion of lignification?
Your transformation has ended.
Your +2 whip of venom unmelds from your body.
Your +0 robe unmelds from your body.
Your +2 whip of venom begins to drip with poison!
You turn into a tree.
Your +0 robe melds into your body.
Your roots penetrate the ground.
* * * LOW HITPOINT WARNING * * *
You feel very sick.
It was a potion of magic.
Magic courses through your body.
You die...

#..#.##.## ##. #..#.##.#
.#.. #.......# .#.###
##......# ....
######.#######.# ..#
#.......†.##
#.####..#......)#######.
#....>..#.#####.#.......
#####.#.#.##....♣)......
##.##.##.##.#.###...
..#.## #!#.# ...#..
..#.# >..### ####.. ∆
..# .. # ..# ### .g# #
..# # ##...


There were no monsters in sight!

Vanquished Creatures
  A water moccasin (D:5)
  A centaur (D:4)
  A necrophage (D:4)
  4 scorpions
  3 hounds (D:5)
  A jelly (D:4)
  4 orc priests
  An iguana (D:4)
  An orc wizard (D:5)
  8 gnolls
  5 river rats
  10 adders
  A shadow imp (D:5)
  An ufetubus (D:4)
  3 worms
  2 dart slugs
  7 orcs
  12 ball pythons
  5 endoplasms
  6 giant cockroaches
  6 hobgoblins
  11 jackals
  6 quokkas
  18 bats
  7 frilled lizards
  6 goblins
  11 kobolds
  6 rats
148 creatures vanquished.

Notes
Turn   | Place    | Note
-------+----------+-------------------------------------------
     0 | D:1      | blobbo the Gnoll Transmuter began the quest for the Orb.
     0 | D:1      | Reached XP level 1. HP: 17/17 MP: 6/6
   209 | D:1      | Reached XP level 2. HP: 22/23 MP: 5/7
   752 | D:1      | Found a faded altar of an unknown god.
   846 | D:1      | Reached skill level 5 in Spellcasting
   846 | D:1      | Reached XP level 3. HP: 27/28 MP: 7/9
  1512 | D:2      | Reached skill level 1 in Invocations
  1634 | D:2      | Learned a level 2 spell: Wereblood
  1717 | D:1      | Reached skill level 1 in Short Blades
  1717 | D:1      | Reached skill level 1 in Long Blades
  1717 | D:1      | Reached skill level 1 in Axes
  1717 | D:1      | Reached skill level 1 in Maces & Flails
  1717 | D:1      | Reached skill level 1 in Polearms
  1717 | D:1      | Reached skill level 1 in Staves
  1717 | D:1      | Reached skill level 1 in Ranged Weapons
  1717 | D:1      | Reached skill level 1 in Throwing
  1717 | D:1      | Reached skill level 1 in Armour
  1717 | D:1      | Reached skill level 1 in Stealth
  1717 | D:1      | Reached skill level 1 in Shields
  1717 | D:1      | Reached skill level 1 in Evocations
  1728 | D:1      | Reached XP level 4. HP: 10/34 MP: 11/11
  2227 | D:2      | Reached skill level 1 in Conjurations
  2227 | D:2      | Reached skill level 1 in Hexes
  2227 | D:2      | Reached skill level 1 in Summonings
  2227 | D:2      | Reached skill level 1 in Necromancy
  2227 | D:2      | Reached skill level 1 in Translocations
  2227 | D:2      | Reached skill level 1 in Fire Magic
  2227 | D:2      | Reached skill level 1 in Ice Magic
  2227 | D:2      | Reached skill level 1 in Air Magic
  2227 | D:2      | Reached skill level 1 in Earth Magic
  2227 | D:2      | Reached skill level 1 in Poison Magic
  2414 | D:2      | Identified the +1 robe "Optuut" {Str+2}
  2935 | D:3      | Reached XP level 5. HP: 33/40 MP: 9/12
  2961 | D:3      | Found a transporter.
  2994 | D:3      | Found a transporter.
  2994 | D:3      | Noticed paps's ghost (amateur OpGl)
  3542 | D:3      | Found a glowing drain.
  3553 | Sewer    | Entered a sewer
  3934 | Sewer    | Reached XP level 6. HP: 22/47 MP: 11/13
  4118 | Sewer    | HP: 1/47 [river rat (4)]
  4519 | Sewer    | Reached skill level 5 in Dodging
  4987 | D:3      | Learned a level 3 spell: Spider Form
  5351 | D:3      | Noticed an ice beast
  5677 | D:4      | Found a staircase to the Ecumenical Temple.
  5686 | Temple   | Entered the Ecumenical Temple
  6127 | Temple   | Became a worshipper of the Shining One
  6251 | D:4      | Reached skill level 7 in Unarmed Combat
  6251 | D:4      | Reached XP level 7. HP: 47/52 MP: 12/15
  7755 | D:5      | Entered Level 5 of the Dungeon
  7845 | D:5      | Reached XP level 8. HP: 56/60 MP: 11/16
  8088 | D:5      | Found a runed translucent door.
  8089 | D:5      | Noticed Crazy Yiuf
  8167 | D:5      | Found a burning altar of Makhleb.
  8480 | D:5      | HP: 2/90 [poisoned by a water moccasin]
  8481 | D:5      | Succumbed to a water moccasin's poison

Illustrated notes

Levels and vault maps discovered:
D:1:      scummos_arrival_simple_crosswalls, layout_basic,
          shapermc_ecumenical_altar_notcrosses
D:2:      layout_basic
D:3:      layout_basic, portal_sewer_entry_a, gammafunk_ghost_arena,
          minmay_fractal_squares_5
D:4:      layout_basic, minmay_temple_entry_junction
D:5:      layout_loops_cross, general_overflow_altar, serial_co_window_serial,
          co_window_corner_a, co_window_of_opportunity_a,
          co_window_of_opportunity_a, co_window_paths_b, co_window_paths_b,
          co_window_of_opportunity_c, co_window_2corner,
          co_window_unsneaky_path_e, co_window_4corner_b, co_window_4corner_a,
          glass_columns_b, uniq_crazy_yiuf_cottage
Temple:   minmay_temple_bridge_d

Skill      XL: |  1  2  3  4  5  6  7  8 |
---------------+-------------------------+-----
Spellcasting   | 5 6 |  6.1
Invocations    | 1 2 3 |  3.6
Short Blades   | 1 2 3 |  3.3
Long Blades    | 1 2 3 |  3.3
Axes           | 1 2 3 |  3.3
Maces & Flails | 1 2 3 |  3.3
Polearms       | 1 2 3 |  3.3
Staves         | 1 2 3 |  3.3
Ranged Weapons | 1 2 3 |  3.3
Throwing       | 1 2 3 |  3.3
Armour         | 1 2 3 |  3.3
Stealth        | 1 2 3 |  3.3
Shields        | 1 2 3 |  3.3
Evocations     | 1 2 3 |  3.3
Conjurations   | 1 2 |  2.7
Hexes          | 1 2 |  2.7
Summonings     | 1 2 |  2.7
Necromancy     | 1 2 |  2.7
Translocations | 1 2 |  2.7
Fire Magic     | 1 2 |  2.7
Ice Magic      | 1 2 |  2.7
Air Magic      | 1 2 |  2.7
Earth Magic    | 1 2 |  2.7
Poison Magic   | 1 2 |  2.7
Fighting       | 3 4 |  4.2
Transmutations | 4 |  4.7
Dodging        | 5 |  5.7
Unarmed Combat | 7 |  7.4

Action                   |  1- 3 |  4- 6 |  7- 9 || total
-------------------------+-------+-------+-------++-------
Melee: Unarmed           |    26 |    13 |    72 ||   111
       Kick              |    16 |    29 |     4 ||    49
       Headbutt          |     9 |     9 |     5 ||    23
       Bite              |     6 |    20 |     1 ||    27
       Punch             |     2 |     6 |       ||     8
       Whip              |    63 |   183 |    23 ||   269
 Cast: Beastly Appendage |    19 |    21 |     3 ||    43
       Wereblood         |       |     9 |     5 ||    14
       Spider Form       |       |     5 |    13 ||    18
  Use: Scroll            |       |     3 |       ||     3
       Potion            |       |     2 |     3 ||     5
 Stab: Sleeping          |       |     3 |       ||     3
Armor: Robe              |    19 |    50 |       ||    69
       Skin              |       |     7 |     2 ||     9
       Leather armour    |       |     2 |     3 ||     5
Dodge: Dodged            |    67 |   199 |    79 ||   345

Table legend: (Time is in decaauts)
 A = Elapsed time spent in this place.
 B = Non-inter-level travel time spent in this place.
 C = Inter-level travel time spent in this place.
 D = Time resting spent in this place.
 E = Time spent auto-exploring this place.
 F = Levels seen in this place.
 G = Mean time per level.
                   A        B        C        D        E       F      G
               +--------+--------+--------+--------+--------+-----+--------+
         Total |   8606 |   8218 |    388 |    100 |   6814 |   7 | 1229.4 |
       Dungeon |   6741 |   6493 |    248 |      0 |   5628 |   5 | 1348.2 |
        Temple |    510 |    370 |    140 |    100 |    211 |   1 |  510.0 |
         Sewer |   1355 |   1355 |      0 |      0 |    974 |   1 | 1355.0 |
               +--------+--------+--------+--------+--------+-----+--------+

Top non-repeatable levels by time:
     D:1: 1980 daAuts
     D:4: 1747 daAuts
   Sewer: 1355 daAuts
     D:3: 1290 daAuts
     D:2: 1187 daAuts
     D:5: 535 daAuts
  Temple: 510 daAuts
